 Dungeon Crawl Stone Soup version 0.21.1-1-g345015fe64 (webtiles) character file.

3585 Fymir27 the Cleaver (level 9, -1/79 HPs)
             Began as a Green Draconian Berserker on Apr 8, 2018.
             Was a High Priest of Trog.
             Slain by a vampire (5 damage)
             ... on level 9 of the Dungeon.
             The game lasted 00:50:01 (5623 turns).

Fymir27 the Cleaver (Green Draconian Berserker)     Turns: 5623, Time: 00:50:01

Health: -1/79      AC:  8    Str: 21    XL:     9   Next: 85%
Magic:  9/9        EV: 15    Int:  8    God:    Trog [*****.]
Gold:   425        SH:  0    Dex: 12    Spells: 8/8 levels left

rFire    + . .     SeeInvis .   E - +2 executioner's axe (vamp)
rCold    . . .     Gourm    .   (shield currently unavailable)
rNeg     . . .     Faith    .   (armour unavailable)
rPois    +         Spirit   .   (helmet restricted)
rElec    .         Reflect  .   g - +0 cloak
rCorr    .         Harm     .   (no gloves)
MR       ++...     Rnd*Rage +   (no boots)
Stlth    ++........             (no amulet)
HPRegen  1.63/turn              (no ring)
MPRegen  0.11/turn              (no ring)

@: berserk cooldown, regenerating, slowed, very slow
A: breathe noxious fumes, unfitting armour, hooves 1, berserk 1, fire resistance
1, poison resistance, regeneration 1, cold-blooded, AC +7
a: Breathe Noxious Fumes, Berserk, Trog's Hand, Brothers in Arms, Burn
Spellbooks, Renounce Religion


You were on level 9 of the Dungeon.
You worshipped Trog.
Trog was extremely pleased with you.
You were not hungry.

You visited 1 branch of the dungeon, and saw 9 of its levels.
You also visited: Sewer and Bailey.

You collected 425 gold pieces.

Inventory:

Hand Weapons
 a - a +1 hand axe
 m - a +4 dire flail of draining
 B - a +1 battleaxe
 E - a +2 vampiric executioner's axe (weapon)
Missiles
 c - 99 arrows
 d - 75 bolts
Armour
 g - a +0 cloak (worn)
 q - +0 shadow dragon scales
Jewellery
 i - a cursed ring of loudness
 l - an uncursed ring of positive energy {unknown}
Wands
 e - a wand of enslavement (23)
 n - a wand of iceblast (14)
 v - a wand of acid (5)
 y - a wand of disintegration (14)
 D - a wand of flame (9)
Scrolls
 k - 2 scrolls of fear
 o - 3 scrolls of magic mapping
 r - 2 scrolls of noise
 s - a scroll of remove curse
 u - 2 scrolls of fog
 w - 6 scrolls of identify
Potions
 f - 2 potions of brilliance
 h - a potion of degeneration
 j - 3 potions of heal wounds {unknown}
 p - 3 potions of curing
 t - 2 potions of haste {unknown}
 x - a potion of might {unknown}
 z - 2 potions of lignification {unknown}
 A - a potion of resistance {unknown}
 C - a potion of magic
Comestibles
 b - a ration
 F - 2 chunks of flesh


   Skills:
 + Level 7.6 Fighting
 + Level 10.6 Axes
 + Level 7.1 Dodging
 + Level 2.1 Stealth


You had 8 spell levels left.
You didn't know any spells.

Dungeon Overview and Level Annotations

Branches:
Dungeon (9/15)             Temple (0/1) D:5
   Lair: D:8-11         Orc: D:9-12

Altars:
Ashenzari
Cheibriados
Fedhas
Gozag
Kikubaaqudgha
Qazlal
Zin

Shops:
D:5 (

Annotations:
D:9 Ivernyr's ghost, journeyman OpTm


Innate Abilities, Weirdness & Mutations

You can breathe blasts of noxious fumes.
Your lurid green scales are hard. (AC +7)
You cannot fit into any form of body armour.
Your system is resistant to poisons. (rPois)
You are cold-blooded and may be slowed by cold attacks.
You have large cloven feet.
You tend to lose your temper in combat.
Your flesh is heat resistant. (rF+)
Your natural rate of healing is unusually fast.


Message History

* * * LOW HITPOINT WARNING * * *
Something bites you.
* * * LOW HITPOINT WARNING * * *
Something draws strength from your injuries!
The crimson imp sputters.
The iguana misses you. Something hits you.
* * * LOW HITPOINT WARNING * * *
Something bites you.
* * * LOW HITPOINT WARNING * * *
Something draws strength from your injuries!
You slice the iguana!!
You feel better.
You kill the iguana!
Trog accepts your kill.
You miss something. Something hits you.
* * * LOW HITPOINT WARNING * * *
Something bites you.
* * * LOW HITPOINT WARNING * * *
Something draws strength from your injuries!
Something hits you.
You die...

. .## ..# #.#
#.# ## ## #.#
##.#.#####.
#†#
#.#.)......
#@#
#...5......
#.#
#5#.##.....
#W# #.#.# #..
#5# #.#.#
##.###.#.##.#
#.............
#............#
#.##......###.
#. #.#.##.#


You could see Ivernyr's ghost and a crimson imp.

Vanquished Creatures
  Menkaure (D:4)
  The ghost of Rawrzzor the Insei, an amateur DsWr (D:3)
  Edmund (D:5)
  Duvessa (D:6)
  2 ice beasts
  An orc warrior (D:6)
  A necrophage (D:5)
  A phantom (D:4)
  A black bear (D:8)
  4 ogres
  3 centaurs
  3 big kobolds
  2 bullfrogs (D:6)
  2 gnoll sergeants
  Dowan (D:6)
  3 scorpions
  A howler monkey (D:7)
  6 crimson imps
  A jelly (D:7)
  A quasit (D:7)
  2 bullfrog skeletons
  A hound (D:5)
  4 orc priests
  A centaur skeleton (D:8)
  Terence (D:3)
  2 iguanas
  2 worker ants (D:6)
  3 orc wizards
  24 gnolls
  9 adders
  4 river rats
  2 shadow imps
  4 oozes
  An adder skeleton (D:4)
  An adder zombie (D:6)
  2 worms
  3 dart slugs
  5 leopard geckos
  12 orcs
  7 ball pythons
  6 giant cockroaches
  39 goblins
  23 hobgoblins
  12 jackals
  23 kobolds
  3 quokkas
  7 bats
  5 frilled lizards
  A jackal skeleton (D:7)
  A leopard gecko skeleton (D:4)
  A quokka skeleton (D:6)
  9 rats
257 creatures vanquished.

Notes
Turn   | Place    | Note
-------+----------+-------------------------------------------
     0 | D:1      | Fymir27 the Draconian Berserker began the quest for the Orb.
     0 | D:1      | Reached XP level 1. HP: 19/19 MP: 1/1
    77 | D:1      | Reached XP level 2. HP: 11/26 MP: 2/2
   658 | D:1      | Reached XP level 3. HP: 26/33 MP: 3/3
   790 | D:2      | Reached ** piety under Trog
  1088 | D:2      | Reached skill level 4 in Axes
  1088 | D:2      | Reached XP level 4. HP: 26/40 MP: 4/4
  1099 | D:2      | Noticed an ogre
  1105 | D:2      | Killed an ogre
  1105 | D:2      | Reached XP level 5. HP: 46/46 MP: 5/5
  1522 | D:3      | Found an opulent altar of Gozag.
  1555 | D:3      | Noticed Rawrzzor's ghost (amateur DsWr)
  1580 | D:3      | Killed Rawrzzor's ghost
  1580 | D:3      | Reached skill level 5 in Axes
  1580 | D:3      | Reached XP level 6. HP: 33/53 MP: 6/6
  1699 | D:3      | Noticed Terence
  1711 | D:3      | Killed Terence
  1829 | D:4      | Reached skill level 1 in Stealth
  2195 | D:4      | Noticed Menkaure
  2206 | D:4      | Killed Menkaure
  2206 | D:4      | Reached skill level 5 in Fighting
  2206 | D:4      | Reached skill level 6 in Axes
  2206 | D:4      | Your scales start taking on a lurid green colour.
  2206 | D:4      | Reached XP level 7. HP: 37/61 MP: 7/7
  2206 | D:4      | Gained mutation: Your system is resistant to poisons. (rPois) [Green Draconian growth]
  2417 | D:4      | Found a blossoming altar of Fedhas.
  2417 | D:4      | Found a snail-covered altar of Cheibriados.
  2667 | D:4      | Found a glowing silver altar of Zin.
  2668 | D:4      | Noticed an angel
  2801 | D:5      | Entered Level 5 of the Dungeon
  2818 | D:5      | Gained mutation: Your natural rate of healing is unusually fast. [potion of mutation]
  2818 | D:5      | Gained mutation: You tend to lose your temper in combat. [potion of mutation]
  2818 | D:5      | Gained mutation: You have large cloven feet. [potion of mutation]
  2818 | D:5      | Gained mutation: Your flesh is heat resistant. (rF+) [potion of mutation]
  2840 | D:5      | Reached skill level 7 in Axes
  2847 | D:5      | Found a stormy altar of Qazlal.
  2858 | D:5      | Reached *** piety under Trog
  2926 | D:5      | Found Heudd's Weapon Boutique.
  3129 | D:5      | Found a glowing drain.
  3157 | D:5      | Noticed Edmund
  3165 | D:5      | Reached XP level 8. HP: 67/69 MP: 8/8
  3173 | D:5      | Killed Edmund
  3181 | Sewer    | Entered a sewer
  3402 | Sewer    | Reached skill level 5 in Dodging
  3526 | D:5      | Reached skill level 8 in Axes
  3651 | D:5      | Found a staircase to the Ecumenical Temple.
  3802 | D:5      | Reached **** piety under Trog
  4036 | D:5      | Reached ***** piety under Trog
  4209 | D:6      | Noticed Dowan
  4210 | D:6      | Found a stormy altar of Qazlal.
  4210 | D:6      | Noticed Duvessa
  4219 | D:6      | Killed Duvessa
  4222 | D:6      | Killed Dowan
  4222 | D:6      | Reached skill level 9 in Axes
  4295 | D:6      | Reached XP level 9. HP: 69/78 MP: 9/9
  4699 | D:7      | Found an ancient bone altar of Kikubaaqudgha.
  4840 | D:7      | Found a shattered altar of Ashenzari.
  5318 | D:8      | Found a flagged portal.
  5331 | Bailey   | Entered a bailey
  5382 | D:8      | Reached skill level 10 in Axes
  5525 | D:8      | Received a gift from Trog
  5612 | D:9      | Noticed Ivernyr's ghost (journeyman OpTm)
  5623 | D:9      | Slain by a vampire

Skill      XL: |  1  2  3  4  5  6  7  8  9 |
---------------+----------------------------+-----
Dodging        | 3 4 6 7 |  7.1
Axes           | 4 5 6 7 9 10 | 10.6
Fighting       | 4 5 6 7 |  7.6
Stealth        | 1 2 |  2.1

Action                   |  1- 3 |  4- 6 |  7- 9 || total
-------------------------+-------+-------+-------++-------
Melee: Hand axe          |   113 |   102 |   402 ||   617
       Tailslap          |    10 |    18 |    50 ||    78
       Kick              |       |       |   126 ||   126
       Battleaxe         |       |       |   113 ||   113
       Executioner's axe |       |       |    11 ||    11
Invok: Berserk           |     1 |     5 |    14 ||    20
       Trog's Hand       |       |     3 |     8 ||    11
       Brothers in Arms  |       |       |     2 ||     2
 Abil: Breathe Noxious F |       |       |     4 ||     4
  Use: Scroll            |     2 |     2 |     9 ||    13
       Potion            |       |       |     6 ||     6
  Eat: Ration            |     1 |     2 |    10 ||    13
       Chunk             |       |       |     1 ||     1
Armor: Skin              |    40 |    23 |   149 ||   212
Dodge: Dodged            |   105 |    87 |   403 ||   595
